 Dungeon Crawl Stone Soup version 0.27.1-3-gb3d3a73c9e (webtiles) character file.

Game seed: 16163730207880143690

43 gorillafan208 the Chopper (level 3, -4/34 HPs)
             Began as a Minotaur Berserker on Oct 6, 2021.
             Was a Follower of Okawaru.
             Slain by a polar bear (11 damage)
             ... created by the rage of Trog
             ... on level 4 of the Dungeon on Oct 8, 2021.
             The game lasted 00:27:31 (2208 turns).

gorillafan208 the Chopper (Minotaur Berserker)      Turns: 2208, Time: 00:27:32

Health: -4/34      AC:  2    Str: 22    XL:     3   Next: 37%
Magic:  2/2        EV: 12    Int:  4    God:    Okawaru [*.....]
Gold:   147        SH:  0    Dex:  9    Spells: 2/2 levels left

rFire    . . .     SeeInvis .   a - +0 hand axe
rCold    . . .     Faith    .   (no shield)
rNeg     . . .     Spirit   .   b - +0 animal skin
rPois    .         Reflect  .   (helmet restricted)
rElec    .         Harm     .   (no cloak)
rCorr    .         Rampage  .   (no gloves)
Will     .....                  (no boots)
Stlth    +.........             (no amulet)
HPRegen  0.11/turn              (no ring)
MPRegen  0.08/turn              (no ring)

@: no status effects
A: horns 2, retaliatory headbutt
a: Renounce Religion, Heroism


You were on level 4 of the Dungeon.
You worshipped Okawaru.
Okawaru was aware of your devotion.
You visited 1 branch of the dungeon, and saw 3 of its levels.

You collected 147 gold pieces.

Inventory:

Hand Weapons
 a - a +0 hand axe (weapon)
 c - a +0 dagger
 e - a +0 dagger
Armour
 b - a +0 animal skin (worn)
Scrolls
 d - a scroll of immolation
 g - a scroll of enchant weapon {unknown}
 h - 2 scrolls of amnesia {unknown}
 i - a scroll of summoning {unknown}
Potions
 f - a potion of degeneration {unknown}


   Skills:
 * Level 4.4 Fighting
 * Level 4.4 Axes
 + Level 2.7 Armour
 + Level 2.2 Dodging
 + Level 0.1 Stealth
 * Level 0.1 Spellcasting


You had 2 spell levels left.
You didn't know any spells.
Your spell library contained the following spells:

 Spells                   Type           Power      Damage    Failure   Level
 Frozen Ramparts          Ice            0%         1d2       86%         3
 Ice Form                 Ice/Tmut       0%         N/A       99%         4
 Summon Ice Beast         Ice/Summ       0%         N/A       99%         4
 Borgnjor's Revivificati  Necr           0%         N/A       100%        8
 Necromutation            Tmut/Necr      0%         N/A       100%        8
 Death's Door             Necr           0%         N/A       100%        9


Dungeon Overview and Level Annotations

Branches:
Dungeon (2/15)

Altars:
Okawaru


Innate Abilities, Weirdness & Mutations

You have a pair of horns on your head.
You reflexively headbutt those who attack you in melee.


Message History

You now have 132 gold pieces (gained 13).
You see here 27 sling bullets.
Found 11 arrows.
Found a book of Rime.
You now have 139 gold pieces (gained 7).
Found 8 gold pieces.
You pick up a book of Rime and begin reading...
You add the spells Frozen Ramparts, Ice Form and Summon Ice Beast to your library.
Okay, then.
Okay, then.
Unknown command.
Unknown command.
Okay, then.
Okay, then.
Save game and exit?
Welcome back, gorillafan208 the Minotaur Berserker.
Okawaru says: Bring me glory in combat!
Press ? for a list of commands and other information.
Found a scroll labelled KIYLEO BACEAZI.
You now have 147 gold pieces (gained 8).
Trog sends monsters to punish you. 2 polar bears and 2 black bears come into view.
Welcome back, gorillafan208 the Minotaur Berserker.
Okawaru says: Bring me glory in combat!
Press ? for a list of commands and other information.
Okay, then.
As you read the scroll of immolation, it crumbles to dust.
The creatures around you are filled with an inner flame!
You hit the black bear but do no damage.
Your headbutt misses the black bear. The black bear closely misses you.
The black bear claws you. The black bear barely misses you.
You completely miss the black bear. Your headbutt misses the black bear.
You hit the polar bear but do no damage. x2
The polar bear closely misses you. The polar bear claws you! x2
The black bear bites you.
* * * LOW HITPOINT WARNING * * *
The black bear claws you.
* * * LOW HITPOINT WARNING * * *
The black bear completely misses you. The polar bear bites you!
You die...

##.#.......................#
#(#.###.............>...#.#
# #. #....##..#........##.
##.###.................. .
#....#...#...#....
#..##....##......#
#......###......
..###...h##...... #
#..##@h......
#..##..hh#..... ### ##..?..
... ..#.##.. . ..##.# ...
... #. #. ...# . .... ..


You could see 2 polar bears and 2 black bears.

Vanquished Creatures
  An ufetubus (D:4)
  2 ball pythons (D:1)
  6 endoplasms
  2 giant cockroaches
  4 goblins (D:1)
  3 hobgoblins
  3 jackals (D:1)
  A quokka (D:1)
  2 bats
  3 frilled lizards (D:1)
  3 kobolds (D:1)
  4 rats (D:1)
34 creatures vanquished.

Notes
Turn   | Place    | Note
-------+----------+-------------------------------------------
     0 | D:1      | gorillafan208 the Minotaur Berserker began the quest for
                  | the Orb.
     0 | D:1      | Reached XP level 1. HP: 19/19 MP: 0/0
   370 | D:1      | Reached XP level 2. HP: 27/27 MP: 1/1
  1139 | D:1      | Found a faded altar of an unknown god.
  1152 | D:1      | Reached ** piety under Trog
  1159 | D:1      | Fell from the grace of Trog
  1159 | D:1      | Became a worshipper of Warmaster Okawaru
  1159 | D:1      | Reached * piety under Okawaru
  1175 | D:1      | Reached XP level 3. HP: 30/33 MP: 2/2
  2017 | D:2      | You fall into a shaft and drop 2 floors!
  2206 | D:4      | Noticed a black bear
  2206 | D:4      | Noticed a black bear
  2206 | D:4      | Noticed a polar bear
  2206 | D:4      | Noticed a polar bear
  2208 | D:4      | Slain by a polar bear

Illustrated notes

Levels and vault maps discovered:
D:1:      elethiomel_arrival_infinity_welcomes_careful_drivers,
          layout_loops_corners, hellmonk_ecumenical_altar_blasted,
          minmay_misc_feat_five, minmay_crystal_water
D:2:      layout_basic
D:4:      layout_layer_cave, columned_hall_lemuel,
          amcnicky_mini_rare_corridor_liquid, uniq_duvessa

Skill      XL: |  1  2 |
---------------+-------+-----
Axes           | 4 |  4.4
Fighting       | 4 |  4.4
Armour         | |  2.7
Dodging        | |  2.2
Stealth        | |  0.1
Spellcasting   | |  0.1

Action                   || total
-------------------------++-------
Melee: Hand axe          ||    68
       Headbutt          ||     7
  Use: Scroll            ||     1
Armor: Animal skin       ||    12
Dodge: Dodged            ||    46
